 Dungeon Crawl Stone Soup version 0.31-a0-1111-ga3525b893c (webtiles) character file.

Game seed: 3197642480017727009

85199 glosham the Eclecticist (level 16, -3/119 HPs)
             Began as a Djinni Shapeshifter on Dec 2, 2023.
             Was the Champion of Makhleb.
             Slain by a cyclops (28 damage)
             ... on level 13 of the Dungeon on Dec 4, 2023.
             The game lasted 06:09:11 (14888 turns).

glosham the Eclecticist (Djinni Shapeshifter)      Turns: 14888, Time: 06:09:11

Health: -3/119     AC:  8    Str: 13    XL:     16   Next: 30%
Gold:   1704       EV: 17    Int: 32    God:    Makhleb [******] SH:  0 Dex: 13

rFire   + + .        a - +8 scimitar (flame)
rCold   x . .        R - orb {light}
rNeg    . . .        X - +3 troll leather armour
rPois   ∞            T - +0 helmet
rElec   .            Y - +0 cloak {rCorr}
rCorr   +            (no gloves)
SInv    .            (boots unavailable)
Will    +....        z - amulet of regeneration
Stlth   +            A - +6 ring of intelligence
HPRegen 1.99/turn    B - +6 ring of intelligence
MPRegen 0.00/turn

%: infuse magic (-4 HP)
@: about to teleport, flying, glowing
A: sickness immunity, fire resistance 2, cold vulnerability 1, float, innate
caster, HP casting, extra vitality 1
a: Renounce Religion, Minor Destruction, Lesser Servant of Makhleb, Major
Destruction, Greater Servant of Makhleb


You were on level 13 of the Dungeon.
You worshipped Makhleb.
Makhleb was exalted by your worship.
You visited 4 branches of the dungeon, and saw 22 of its levels.
You also visited: Gauntlet.

You collected 1728 gold pieces.
You spent 24 gold pieces at shops.

Inventory:

Hand Weapons
 a - a +8 scimitar of flaming (weapon)
 b - a +4 glaive of venom
Armour
 R - an orb of light (worn)
 T - a +0 helmet (worn)
 X - a +3 troll leather armour (worn)
 Y - a +0 cloak of preservation (worn)
Jewellery
 y - an amulet of the acrobat
 z - an amulet of regeneration (around neck)
 A - a +6 ring of intelligence (left hand)
 B - a +6 ring of intelligence (right hand)
 E - the ring "Qoqu" {rElec Str+6 Dex+4}
   (You acquired it on level 5 of the Lair of Beasts)

   [ring of strength]

   Str+6:     It affects your strength (+6).
   Dex+4:     It affects your dexterity (+4).
   rElec:     It insulates you from electricity.
 F - a +5 ring of evasion
 I - a ring of see invisible
 S - a ring of resist corrosion
 W - a ring of willpower
 Z - a ring of wizardry
Wands
 c - a wand of charming (33)
 d - a wand of mindburst (7)
 f - a wand of flame (45)
 g - a wand of digging (3)
 h - a wand of polymorph (9)
 i - a wand of iceblast (13)
 j - a wand of light (8)
Scrolls
 k - 12 scrolls of teleportation
 l - a scroll of blinking
 m - 3 scrolls of fog
 n - a scroll of butterflies
 o - a scroll of revelation
 p - 3 scrolls of identify
 D - 2 scrolls of poison
 G - 2 scrolls of immolation
 H - 3 scrolls of vulnerability
Potions
 q - a potion of ambrosia
 r - 5 potions of curing
 s - a potion of heal wounds
 t - a potion of attraction
 u - 7 potions of resistance
 v - 3 potions of enlightenment
 w - 4 potions of brilliance
 x - 2 potions of might
 C - 2 potions of invisibility
Miscellaneous
 e - a lightning rod (inert)


   Skills:
 * Level 12.3 Fighting
 * Level 13.5 Dodging
 - Level 3.0 Unarmed Combat
 * Level 16.4 Spellcasting
 * Level 16.4 Conjurations
 * Level 16.4 Hexes
   Level 0.0 Charms
 * Level 16.4 Summonings
 * Level 16.4 Necromancy
 * Level 16.4 Translocations
 * Level 16.4 Transmutations
 * Level 16.4 Fire Magic
 * Level 16.4 Ice Magic
 * Level 16.4 Air Magic
 * Level 16.4 Earth Magic
 * Level 16.4 Poison Magic
 - Level 2.6 Shapeshifting


You knew the following spells:

 Your Spells              Type           Power      Damage    Failure   Level
l - Lee's Rapid Deconstr  Erth           46%        3d22*     1%          5
z - Shock                 Conj/Air       100%       1d9       0%          1
C - Call Canine Familiar  Summ           93%        N/A       0%          3
D - Dispersal             Tloc           46%        N/A       1%          6
F - Cause Fear            Hex            46%        N/A       1%          4
P - Poisonous Vapours     Pois/Air       100%       N/A       0%          2
S - Summon Forest         Summ/Tloc      46%        N/A       1%          5
Your spell library was empty.

Dungeon Overview and Level Annotations

Branches:
Dungeon (15/15)            Temple (1/1) D:5            Lair (5/5) D:11
 Shoals (0/4) Lair:2       Spider (1/4) Lair:2        Slime (0/5) Lair:5
    Orc (0/2) D:11         Vaults (0/5) D:13         Depths (0/4) D:15
Gauntlet (visited)

Altars:
Ashenzari
Cheibriados
Dithmenos
Elyvilon
Fedhas
Gozag
Hepliaklqana
Makhleb
Nemelex Xobeh
Okawaru
Qazlal
Ru
Trog
Uskayaw
Wu Jian
Xom
Yredelemnul
Zin
The Shining One
Jiyva

Shops:
D:7 *

Annotations:
D:13 1 transporter, Nies's ghost, journeyman MiMo; Rucoj Isk's ghost, journeyman DrSh


Innate Abilities, Weirdness & Mutations

You are immune to sickness and miasma.
You are immune to poison.
Your flesh is very heat resistant. (rF++)
You are vulnerable to cold. (rC-)
You float through the air rather than walking.
You learn spells naturally, not from books.
Your magical power is your life essence.
You have superior vitality. (+4 MHP)


Message History

The wall shatters!
The blast of rock fragments hits the tengu conjurer!!
You kill the tengu conjurer!
Makhleb accepts your kill.
You feel better.
Things that are here:
a +0 dire flail; a +0 ring mail; a tengu corpse You see here a tengu corpse.
Found a scale mail.
k - 13 scrolls of teleportation (gained 1)
Found an escape hatch in the ceiling.
There is an escape hatch in the ceiling here.
A mysterious force pulls you upwards. The hatch slams shut behind you.
There is a stone staircase leading up here.
You fly upwards.
Level annotation: 1 transporter, Nies's ghost, journeyman MiMo; Rucoj Isk's ghost, journeyman DrSh
There is a stone staircase leading down here.
Rucoj Isk's ghost turns its malevolent gaze towards you.
There is a transporter here.
There is a transporter here.
You enter the transporter and appear at another place.
Nies's ghost hits you!! The cyclops misses you.
As you read the scroll of teleportation, it crumbles to dust.
You feel strangely unstable. Nies's ghost hits you!!
Casting: Lee's Rapid Deconstruction (safe; 1% risk of failure)
Confirm with . or Enter, or press ? or * to list all spells.
Aiming: Lee's Rapid Deconstruction (safe; 1% risk of failure)
Press: ? - help, Dir - move target A translucent stone wall.
This square is lit by a halo.
The wall shatters!
The blast of rock fragments hits the efreet but does no damage.
The blast of rock fragments hits the cyclops!!
The cyclops is heavily wounded.
The cyclops closely misses you. Nies's ghost hits you!!
* * * LOW HITPOINT WARNING * * *
You feel better. Nies's ghost hits you.
* * * LOW HITPOINT WARNING * * *
The cyclops hits you!!
You die...

.............##.<....#####..##
....##...>...##.....##...##..##
......((#....#.....##.###.##..##
......###.........##...$~..##..##
.........>..[#...##8.....~~8##..#
.......##....#..##..#..##.#:.##..
#####.####.....##R...##.##$...##.
##.###......#C#○.#.})$##.W#.#.
####...........#@#..#::[.W#..#©#.
.##^....#......#W#..##".[##$.#.#.
........#......##..$.##.##....##.
....##.##.......##~~#$###.#..##..
.......##........##8.~...~.8##..#
..##...##.........##).....~##..##
.##.....#..........##.###.##..##
.......#..##.....#..##.WW##..##
.......#..###....##..#####..##


You could see a cyclops, an efreet and Nies's ghost.

Vanquished Creatures
  Frances (D:13)
  A very ugly thing (D:14)
  The ghost of Feta the Blocker, a journeyman TrSh of Ru (D:12)
  A minotaur (Gauntlet)
  2 fire dragons
  An entropy weaver (Spider:1)
  5 hydras
  5 vault guards (D:13)
  An ice dragon (D:15)
  An ogre mage (D:15)
  A ghost crab (Gauntlet)
  Erica (D:8)
  2 catoblepae (Lair:4)
  A death knight (D:14)
  7 centaur warriors
  2 boulder beetles
  4 two-headed ogres
  A deep troll earth mage (D:14)
  4 tengu warriors
  A soul eater (Gauntlet)
  A thrashing horror (Gauntlet)
  5 skeletal warriors (D:14)
  A skyshark (Lair:5)
  A fire crab (Lair:5)
  A lindwurm (Lair:5)
  6 deep elf pyromancers
  6 ugly things
  2 wolf spiders (Spider:1)
  7 cyclopes
  4 manticores
  10 elephants
  3 black mambas
  2 molten gargoyles (Lair:5)
  A gargoyle (D:12)
  9 cane toads
  Maggie (D:9)
  2 minotaur zombies (Gauntlet)
  2 efreet (D:14)
  4 rime drakes
  12 komodo dragons
  A tengu conjurer (D:15)
  2 trolls
  2 polar bears
  A merfolk (Lair:2)
  A hornet (shapeshifter) (D:15)
  14 blink frogs
  A tarantella (Spider:1)
  A hornet (D:10)
  A blink frog (shapeshifter) (D:13)
  11 dream sheep (Lair:4)
  6 slime creatures
  3 small abominations (Gauntlet)
  2 jumping spiders
  3 culicivoras
  2 shadows
  5 wyverns
  A wraith (D:13)
  33 yaks
  6 humans (D:13)
  12 redbacks
  4 steam dragons
  6 basilisks
  16 vampire mosquitoes
  3 acid dragons
  2 wargs (D:11)
  3 hell hounds (Lair:5)
  6 orc warriors
  11 water moccasins
  2 ice beasts
  2 black bears
  7 ogres
  4 boggarts (D:15)
  9 wolves
  2 centaurs
  18 bullfrogs
  2 kobold brigands
  Blork the orc (D:6)
  5 scorpions
  10 wights
  10 killer bees
  5 howler monkeys
  5 lava snakes (Lair:5)
  7 crimson imps (D:8)
  2 hounds
  6 jellies (Lair:5)
  14 orc priests
  2 gnoll boudas (D:9)
  Jessica (D:2)
  3 iguanas (D:5)
  Ijyb (D:4)
  9 orc wizards
  7 gnolls (D:9)
  10 adders
  2 shadow imps (Gauntlet)
  4 white imps
  4 worms
  45 orcs
  17 endoplasms
  3 giant cockroaches
  10 goblins
  7 hobgoblins
  13 jackals
  6 quokkas
  A ball python (shapeshifter) (D:14)
  7 ball pythons
  5 bats
  2 frilled lizards
  9 kobolds
  8 rats
569 creatures vanquished.

Vanquished Creatures (collateral kills)
  The ghost of bmj180 the Destroyer, a journeyman HuCj of Sif Muna (Lair:5)
  A boulder beetle (D:12)
  An acid dragon (D:9)
  A sky beast (D:8)
  An adder (D:6)
  An orc (D:6)
  2 kobolds (D:6)
8 creatures vanquished.

Vanquished Creatures (others)
  A human (D:13)
1 creature vanquished.

Grand Total: 578 creatures vanquished

Notes
Turn   | Place    | Note
-------+----------+-------------------------------------------
     0 | D:1      | glosham the Djinni Shapeshifter began the quest for the
                  | Orb.
     0 | D:1      | Reached XP level 1. HP: 17/17 MP: 0/0
    73 | D:1      | Reached skill level 1 in Spellcasting
    73 | D:1      | Reached skill level 1 in Conjurations
    73 | D:1      | Reached skill level 1 in Hexes
    73 | D:1      | Reached skill level 1 in Summonings
    73 | D:1      | Reached skill level 1 in Necromancy
    73 | D:1      | Reached skill level 1 in Translocations
    73 | D:1      | Reached skill level 1 in Transmutations
    73 | D:1      | Reached skill level 1 in Fire Magic
    73 | D:1      | Reached skill level 1 in Ice Magic
    73 | D:1      | Reached skill level 1 in Air Magic
    73 | D:1      | Reached skill level 1 in Earth Magic
    73 | D:1      | Reached skill level 1 in Poison Magic
    73 | D:1      | Reached XP level 2. HP: 19/22 MP: 0/0
   229 | D:1      | Reached XP level 3. HP: 25/27 MP: 0/0
   229 | D:1      | Learned a level 1 spell: Shock
   246 | D:1      | Found a faded altar of an unknown god.
   755 | D:2      | Reached XP level 4. HP: 30/32 MP: 0/0
   960 | D:2      | Noticed Jessica
   970 | D:2      | Killed Jessica
   973 | D:2      | Reached skill level 3 in Spellcasting
   973 | D:2      | Reached skill level 3 in Conjurations
   973 | D:2      | Reached skill level 3 in Hexes
   973 | D:2      | Reached skill level 3 in Summonings
   973 | D:2      | Reached skill level 3 in Necromancy
   973 | D:2      | Reached skill level 3 in Translocations
   973 | D:2      | Reached skill level 3 in Transmutations
   973 | D:2      | Reached skill level 3 in Fire Magic
   973 | D:2      | Reached skill level 3 in Ice Magic
   973 | D:2      | Reached skill level 3 in Air Magic
   973 | D:2      | Reached skill level 3 in Earth Magic
   973 | D:2      | Reached skill level 3 in Poison Magic
  1044 | D:3      | Reached XP level 5. HP: 35/37 MP: 0/0
  1044 | D:3      | Learned a level 2 spell: Poisonous Vapours
  1054 | D:3      | Found a broken altar of Ashenzari.
  1245 | D:3      | Found a glowing golden altar of the Shining One.
  1442 | D:4      | Found a shadowy altar of Dithmenos.
  1544 | D:4      | Reached XP level 6. HP: 27/42 MP: 0/0
  1607 | D:4      | Noticed an ogre
  1627 | D:4      | Killed an ogre
  1645 | D:4      | Noticed a black bear
  1651 | D:4      | Killed a black bear
  1652 | D:4      | Reached XP level 7. HP: 36/47 MP: 0/0
  1652 | D:4      | Learned a level 3 spell: Call Canine Familiar
  1934 | D:4      | Noticed Ijyb
  1971 | D:4      | Killed Ijyb
  2107 | D:5      | Entered Level 5 of the Dungeon
  2248 | D:5      | Reached skill level 6 in Spellcasting
  2248 | D:5      | Reached skill level 6 in Conjurations
  2248 | D:5      | Reached skill level 6 in Hexes
  2248 | D:5      | Reached skill level 6 in Summonings
  2248 | D:5      | Reached skill level 6 in Necromancy
  2248 | D:5      | Reached skill level 6 in Translocations
  2248 | D:5      | Reached skill level 6 in Transmutations
  2248 | D:5      | Reached skill level 6 in Fire Magic
  2248 | D:5      | Reached skill level 6 in Ice Magic
  2248 | D:5      | Reached skill level 6 in Air Magic
  2248 | D:5      | Reached skill level 6 in Earth Magic
  2248 | D:5      | Reached skill level 6 in Poison Magic
  2248 | D:5      | Reached XP level 8. HP: 25/52 MP: 0/0
  2288 | D:5      | Found a staircase to the Ecumenical Temple.
  2299 | Temple   | Entered the Ecumenical Temple
  2862 | D:5      | Found an ornate altar of the Wu Jian Council.
  2869 | D:5      | Noticed a spectral centipede
  2869 | D:5      | Noticed a spectral black mamba
  2983 | D:5      | Found a stormy altar of Qazlal.
  3387 | D:6      | Found a glowing silver altar of Zin.
  3390 | D:6      | Found a basalt altar of Yredelemnul.
  3394 | D:6      | Found a sparkling altar of Nemelex Xobeh.
  3423 | D:6      | Noticed a two-headed ogre
  3441 | D:6      | Noticed a troll
  3448 | D:6      | Killed a two-headed ogre
  3449 | D:6      | Reached XP level 9. HP: 57/57 MP: 0/0
  3449 | D:6      | Learned a level 4 spell: Cause Fear
  3454 | D:6      | Killed a troll
  3459 | D:6      | Reached skill level 9 in Spellcasting
  3459 | D:6      | Reached skill level 9 in Conjurations
  3459 | D:6      | Reached skill level 9 in Hexes
  3459 | D:6      | Reached skill level 9 in Summonings
  3459 | D:6      | Reached skill level 9 in Necromancy
  3459 | D:6      | Reached skill level 9 in Translocations
  3459 | D:6      | Reached skill level 9 in Transmutations
  3459 | D:6      | Reached skill level 9 in Fire Magic
  3459 | D:6      | Reached skill level 9 in Ice Magic
  3459 | D:6      | Reached skill level 9 in Air Magic
  3459 | D:6      | Reached skill level 9 in Earth Magic
  3459 | D:6      | Reached skill level 9 in Poison Magic
  3773 | D:6      | Noticed Blork the orc
  3782 | D:6      | Killed Blork the orc
  3919 | D:6      | Found a blossoming altar of Fedhas.
  3933 | D:6      | Reached XP level 10. HP: 55/62 MP: 0/0
  4620 | D:7      | Found a burning altar of Makhleb.
  4625 | D:7      | Became a worshipper of Makhleb the Destroyer
  4659 | D:7      | Found Girr's General Store.
  4667 | D:7      | Bought a scroll of identify for 24 gold pieces
  4839 | D:8      | Noticed Erica
  4845 | D:8      | Killed Erica
  5180 | D:8      | Found a sacrificial altar of Ru.
  5613 | D:9      | Reached * piety under Makhleb
  5879 | D:9      | Noticed Maggie
  5886 | D:9      | Killed Maggie
  5887 | D:9      | Reached XP level 11. HP: 55/67 MP: 0/0
  5887 | D:9      | Learned a level 5 spell: Lee's Rapid Deconstruction
  6158 | D:10     | Entered Level 10 of the Dungeon
  6246 | D:10     | Reached skill level 12 in Spellcasting
  6246 | D:10     | Reached skill level 12 in Conjurations
  6246 | D:10     | Reached skill level 12 in Hexes
  6246 | D:10     | Reached skill level 12 in Summonings
  6246 | D:10     | Reached skill level 12 in Necromancy
  6246 | D:10     | Reached skill level 12 in Translocations
  6246 | D:10     | Reached skill level 12 in Transmutations
  6246 | D:10     | Reached skill level 12 in Fire Magic
  6246 | D:10     | Reached skill level 12 in Ice Magic
  6246 | D:10     | Reached skill level 12 in Air Magic
  6246 | D:10     | Reached skill level 12 in Earth Magic
  6246 | D:10     | Reached skill level 12 in Poison Magic
  6324 | D:10     | Found a white marble altar of Elyvilon.
  6357 | D:10     | Reached ** piety under Makhleb
  6658 | D:11     | Noticed a manticore
  6663 | D:11     | Killed a manticore
  6669 | D:11     | Noticed a centaur warrior
  6887 | D:11     | Identified the +4 broad axe of Fyelot {heavy, rElec rPois
                  | Will- Dex-2}
  6903 | D:11     | Killed a centaur warrior
  6965 | D:11     | Found a staircase to the Lair.
  7123 | D:11     | Found a staircase to the Orcish Mines.
  7196 | D:11     | Noticed a cyclops
  7198 | D:11     | Killed a cyclops
  7225 | D:11     | Noticed a cyclops
  7228 | D:11     | Killed a cyclops
  7469 | Lair:1   | Entered Level 1 of the Lair of Beasts
  7471 | Lair:1   | Reached *** piety under Makhleb
  7484 | Lair:1   | Reached XP level 12. HP: 19/72 MP: 0/0
  7485 | Lair:1   | HP: 6/72 [bullfrog (5)]
  7997 | Lair:1   | HP: 1/72 [rime drake/icy flash freeze (45)]
  8253 | Lair:2   | Reached **** piety under Makhleb
  8254 | Lair:2   | Reached skill level 15 in Spellcasting
  8254 | Lair:2   | Reached skill level 15 in Conjurations
  8254 | Lair:2   | Reached skill level 15 in Hexes
  8254 | Lair:2   | Reached skill level 15 in Summonings
  8254 | Lair:2   | Reached skill level 15 in Necromancy
  8254 | Lair:2   | Reached skill level 15 in Translocations
  8254 | Lair:2   | Reached skill level 15 in Transmutations
  8254 | Lair:2   | Reached skill level 15 in Fire Magic
  8254 | Lair:2   | Reached skill level 15 in Ice Magic
  8254 | Lair:2   | Reached skill level 15 in Air Magic
  8254 | Lair:2   | Reached skill level 15 in Earth Magic
  8254 | Lair:2   | Reached skill level 15 in Poison Magic
  8303 | Lair:2   | Found a hole to the Spider Nest.
  8421 | Lair:2   | Reached XP level 13. HP: 72/76 MP: 0/0
  8421 | Lair:2   | Learned a level 5 spell: Summon Forest
  8642 | Lair:2   | Found a hazy altar of Hepliaklqana.
  8785 | Lair:2   | Found a staircase to the Shoals.
  8917 | Lair:3   | Upgraded the game from 0.31-a0-1104-g3bd3108e02 to
                  | 0.31-a0-1111-ga3525b893c
  9208 | Lair:3   | Found a gate leading to a gauntlet.
  9253 | Gauntlet | Entered a Gauntlet
  9253 | Gauntlet | Found a transporter.
  9253 | Gauntlet | Found a transporter.
  9253 | Gauntlet | Found a transporter.
  9257 | Gauntlet | Found a transporter.
  9257 | Gauntlet | Found a transporter.
  9257 | Gauntlet | Found a transporter.
  9259 | Gauntlet | Found a large runed translucent door.
  9260 | Gauntlet | Found a large runed translucent door.
  9261 | Gauntlet | Found a large runed translucent door.
  9261 | Gauntlet | Found a large runed translucent door.
  9261 | Gauntlet | Found a runed translucent door.
  9261 | Gauntlet | Found a runed translucent door.
  9262 | Gauntlet | Found a large runed translucent door.
  9262 | Gauntlet | Found a large runed translucent door.
  9262 | Gauntlet | Found a large runed translucent door.
  9262 | Gauntlet | Found a large runed translucent door.
  9263 | Gauntlet | Found a large runed translucent door.
  9263 | Gauntlet | Found a large runed translucent door.
  9263 | Gauntlet | Found a large runed translucent door.
  9264 | Gauntlet | Found a large runed translucent door.
  9265 | Gauntlet | Found a large runed translucent door.
  9265 | Gauntlet | Found a large runed translucent door.
  9265 | Gauntlet | Found a large runed translucent door.
  9267 | Gauntlet | Found a runed translucent gate.
  9267 | Gauntlet | Found a runed translucent gate.
  9267 | Gauntlet | Found a runed translucent gate.
  9267 | Gauntlet | Noticed a ghost crab
  9277 | Gauntlet | Found a transporter.
  9281 | Gauntlet | Found a transporter.
  9282 | Gauntlet | Found a transporter.
  9282 | Gauntlet | Found a transporter.
  9299 | Gauntlet | Found a transporter.
  9300 | Gauntlet | Found a transporter.
  9336 | Gauntlet | Found a large runed translucent door.
  9449 | Gauntlet | Killed a ghost crab
  9450 | Gauntlet | Reached skill level 3 in Dodging
  9498 | Gauntlet | Reached skill level 3 in Fighting
  9501 | Gauntlet | Identified the ring of Mumiduc {*Corrode Fly rPois Will-
                  | Dex+8}
  9518 | Gauntlet | Noticed a minotaur
  9540 | Gauntlet | Killed a minotaur
  9896 | Lair:4   | Noticed a catoblepas
  9907 | Lair:4   | Killed a catoblepas
  9963 | Lair:4   | Reached ***** piety under Makhleb
 10085 | Lair:4   | Identified the +0 ring mail of Nonteuforgh {+Inv rF+ rC+
                  | Str+2}
 10181 | Lair:4   | Reached skill level 6 in Dodging
 10204 | Lair:4   | Identified the +6 ring mail of the Lily {rN+}
 10249 | Lair:4   | Reached XP level 14. HP: 92/92 MP: 0/0
 10470 | Lair:4   | Reached skill level 6 in Fighting
 10492 | Lair:4   | Identified a scroll of acquirement
 10493 | Lair:4   | Acquired a +0 cloak of preservation
 10676 | Lair:5   | Entered Level 5 of the Lair of Beasts
 10795 | Lair:5   | Found a runed translucent door.
 10796 | Lair:5   | Noticed bmj180's ghost (journeyman HuCj)
 10804 | Lair:5   | Acquired the ring "Qoqu" {rElec Str+6 Dex+4}
 11108 | Lair:5   | Killed bmj180's ghost
 11208 | Lair:5   | Found a large runed translucent door.
 11209 | Lair:5   | Found a large runed translucent door.
 11295 | Lair:5   | Reached skill level 9 in Dodging
 11552 | Lair:5   | Found a staircase to the Slime Pits.
 11567 | Lair:5   | Found a viscous altar of Jiyva.
 11900 | Spider:1 | Entered Level 1 of the Spider Nest
 11919 | Spider:1 | Reached skill level 9 in Fighting
 12239 | D:12     | Found a runed translucent gate.
 12240 | D:12     | Found a runed translucent gate.
 12240 | D:12     | Found a runed translucent gate.
 12242 | D:12     | Noticed Feta's ghost (journeyman TrSh)
 12350 | D:12     | Reached ****** piety under Makhleb
 12351 | D:12     | Reached XP level 15. HP: 80/106 MP: 0/0
 12351 | D:12     | Learned a level 6 spell: Dispersal
 12956 | D:13     | Noticed Frances
 13040 | D:13     | Noticed Nies's ghost (journeyman MiMo)
 13047 | D:13     | Found a transporter.
 13047 | D:13     | Noticed Rucoj Isk's ghost (journeyman DrSh)
 13056 | D:13     | Found a transporter.
 13149 | D:13     | Found a gate to the Vaults.
 13376 | D:14     | Reached skill level 12 in Dodging
 13768 | D:14     | Noticed a brown very ugly thing
 13775 | D:14     | Killed a brown very ugly thing
 14028 | D:13     | Killed Frances
 14130 | D:12     | Killed Feta's ghost
 14131 | D:12     | Reached XP level 16. HP: 118/118 MP: 0/0
 14276 | D:15     | Entered Level 15 of the Dungeon
 14400 | D:15     | Reached skill level 12 in Fighting
 14490 | D:15     | Found an opulent altar of Gozag.
 14634 | D:15     | Found a staircase to the Depths.
 14888 | D:13     | Slain by a cyclops

Illustrated notes

Levels and vault maps discovered:
D:1:      minmay_arrival_shattered_statue, layout_rooms,
          ebering_ecumenical_altar_webs
D:2:      layout_basic, kennysheep_minor_cross, uniq_jessica
D:3:      kennysheep_six_static_rooms, layout_basic,
          nicolae_tso_carved_into_rock, nicolae_ashenzari_panopticon,
          ebering_dispersal_statue_hall, st_stairs_12, minmay_pentomino_pile
D:4:      kennysheep_the_goblin_king, layout_loops_ring,
          nicolae_dithmenos_shadow_blocks
D:5:      layout_basic, mainiacjoe_overflow_alcove_4,
          pdpol_wu_jian_five_deadly_venoms, nicolae_vehumet_altar_sigil,
          minmay_temple_entry_ruins
D:6:      minmay_cornered_nines, layout_basic, mainiacjoe_overflow_big_doors,
          overflow_temple_1_default, fedhas_altar_fruit_tree, uniq_blork_the_orc
D:7:      layout_loops_cross, lightli_temple_of_fire, serial_shops,
          nicolae_shop_pleasant_corner_grove
D:8:      layout_gridville, nicolae_kikubaaqudgha_miasma_corner,
          mainiacjoe_overflow_six_doors_small, minmay_nine_imps, uniq_erica
D:9:      layout_loops_ring, serial_glass, glass_columns_b, glass_columns_b,
          roderic_roman_lattice, uniq_maggie
D:10:     layout_basic, nicolae_overflow_crystal_walls,
          kennysheep_generic_room_15
D:11:     layout_loops_ring, erik_lair_orcish_takeover, david_orc_4
D:12:     layout_loops_ring, ebering_ghost_rock_garden
D:13:     layout_cave_pools, ximxim_vaults_locker_room, nzn_ghost_randoct,
          drop_trap, uniq_frances
D:14:     layout_long_grid, nicolae_twisting_strands, minmay_evil_grid
D:15:     grunt_enter_depths_hoard, layout_long_grid, grunt_gozag_statues
Temple:   hellmonk_temple_forest_ring
Lair:1:   layout_cellular_growth, basic_altar, minivault_23, grunt_megastairs_2
Lair:2:   layout_regular_city, elwin_shoals_entry_rooms, spider_nest_entry_a,
          basic_altar, pdpol_lair_neglected_garden
Lair:3:   layout_loops_ring, gauntlet_entry_generic
Lair:4:   layout_loops_ring, hibernation_bobbens
Lair:5:   cheibrodos_lair_end_hotspot, layout_layer_cave,
          nicolae_slime_entry_slimehenge, gammafunk_ghost_grave
Spider:1: layout_spider_delve

Skill      XL: |  1  2  3  4  5  6  7  8  9 10 11 12 13 14 15 16 |
---------------+-------------------------------------------------+-----
Spellcasting   | 1 2 3 4 6 8 9 11 13 15 16 | 16.4
Conjurations   | 1 2 3 4 6 8 9 11 13 15 16 | 16.4
Hexes          | 1 2 3 4 6 8 9 11 13 15 16 | 16.4
Summonings     | 1 2 3 4 6 8 9 11 13 15 16 | 16.4
Necromancy     | 1 2 3 4 6 8 9 11 13 15 16 | 16.4
Translocations | 1 2 3 4 6 8 9 11 13 15 16 | 16.4
Transmutations | 1 2 3 4 6 8 9 11 13 15 16 | 16.4
Fire Magic     | 1 2 3 4 6 8 9 11 13 15 16 | 16.4
Ice Magic      | 1 2 3 4 6 8 9 11 13 15 16 | 16.4
Air Magic      | 1 2 3 4 6 8 9 11 13 15 16 | 16.4
Earth Magic    | 1 2 3 4 6 8 9 11 13 15 16 | 16.4
Poison Magic   | 1 2 3 4 6 8 9 11 13 15 16 | 16.4
Fighting       | 5 9 11 12 | 12.3
Dodging        | 6 10 13 | 13.5
Unarmed Combat | |  3.0
Shapeshifting  | |  2.6

Action                     |  1- 3 |  4- 6 |  7- 9 | 10-12 | 13-15 | 16-18 || total
---------------------------+-------+-------+-------+-------+-------+-------++-------
  Melee: Unarmed           |    53 |       |       |       |       |       ||    53
         Punch             |     2 |       |       |       |       |       ||     2
         Scimitar          |       |       |       |    42 |    34 |       ||    76
  Throw: Dart              |       |       |       |       |     3 |       ||     3
   Cast: Shock             |    45 |    66 |   207 |   159 |       |       ||   477
         Call Canine Famil |       |       |     2 |     5 |    11 |       ||    18
         Poisonous Vapours |       |       |     3 |       |     5 |       ||     8
         Lee's Rapid Decon |       |       |       |   151 |   421 |    41 ||   613
         Cause Fear        |       |       |       |     1 |    13 |       ||    14
Ability: Begin Untransform |     1 |     1 |       |       |       |       ||     2
  Evoke: Wand              |       |       |    14 |    11 |    11 |       ||    36
         Sack of spiders   |       |       |       |       |     1 |       ||     1
         Lightning rod     |       |       |       |       |     4 |       ||     4
    Use: Scroll            |     6 |     1 |     8 |    16 |    19 |     3 ||    53
         Potion            |       |       |       |     2 |     2 |     1 ||     5
   Stab: Sleeping          |     1 |       |       |       |     1 |       ||     2
         Distracted        |       |       |       |     1 |       |       ||     1
         Betrayed ally     |       |       |       |       |     2 |       ||     2
 Armour: Animal skin       |    18 |     3 |       |       |       |       ||    21
         Leather armour    |       |    12 |    41 |       |       |       ||    53
         Troll leather arm |       |       |    12 |   122 |   103 |    22 ||   259
  Dodge: Dodged            |    32 |    14 |    37 |    96 |    70 |    12 ||   261
   Form: Beast             |     1 |       |       |       |       |       ||     1

Table legend: (Time is in decaauts)
 A = Elapsed time spent in this place.
 B = Non-inter-level travel time spent in this place.
 C = Inter-level travel time spent in this place.
 D = Time resting spent in this place.
 E = Time spent auto-exploring this place.
 F = Levels seen in this place.
 G = Mean time per level.
                   A        B        C        D        E       F      G
               +--------+--------+--------+--------+--------+-----+--------+
         Total |  14922 |  13630 |   1292 |    124 |      0 |  23 |  648.8 |
       Dungeon |  10396 |   9506 |    890 |     84 |      0 |  15 |  693.1 |
        Temple |      1 |      1 |      0 |      0 |      0 |   1 |    1.0 |
          Lair |   4129 |   3728 |    401 |     15 |      0 |   5 |  825.8 |
   Spider Nest |     36 |     36 |      0 |      0 |      0 |   1 |   36.0 |
      Gauntlet |    358 |    358 |      0 |     25 |      0 |   1 |  358.0 |
               +--------+--------+--------+--------+--------+-----+--------+

Top non-repeatable levels by time:
  Lair:5: 1161 daAuts
     D:6: 1039 daAuts
    D:11: 850 daAuts
     D:4: 836 daAuts
  Lair:4: 803 daAuts
  Lair:1: 776 daAuts
    D:13: 770 daAuts
  Lair:2: 758 daAuts
     D:8: 754 daAuts
    D:12: 740 daAuts
     D:5: 728 daAuts
    D:14: 722 daAuts
     D:3: 700 daAuts
     D:2: 651 daAuts
  Lair:3: 629 daAuts

Table legend: (Time is in decaauts)
 A = Elapsed time spent in this place.
 B = Non-inter-level travel time spent in this place.
 C = Inter-level travel time spent in this place.
 D = Time resting spent in this place.
 E = Time spent auto-exploring this place.
 F = Levels seen in this place.
 G = Mean time per level.
                   A        B        C        D        E       F      G
               +--------+--------+--------+--------+--------+-----+--------+
         Total |  14922 |  13630 |   1292 |    124 |      0 |  23 |  648.8 |
       Dungeon |  10396 |   9506 |    890 |     84 |      0 |  15 |  693.1 |
        Temple |      1 |      1 |      0 |      0 |      0 |   1 |    1.0 |
          Lair |   4129 |   3728 |    401 |     15 |      0 |   5 |  825.8 |
   Spider Nest |     36 |     36 |      0 |      0 |      0 |   1 |   36.0 |
      Gauntlet |    358 |    358 |      0 |     25 |      0 |   1 |  358.0 |
               +--------+--------+--------+--------+--------+-----+--------+

Top non-repeatable levels by time:
  Lair:5: 1161 daAuts
     D:6: 1039 daAuts
    D:11: 850 daAuts
     D:4: 836 daAuts
  Lair:4: 803 daAuts
  Lair:1: 776 daAuts
    D:13: 770 daAuts
  Lair:2: 758 daAuts
     D:8: 754 daAuts
    D:12: 740 daAuts
     D:5: 728 daAuts
    D:14: 722 daAuts
     D:3: 700 daAuts
     D:2: 651 daAuts
  Lair:3: 629 daAuts

Table legend:
 A = Kills in this place as a percentage of kills in the entire game.
 B = Kills by you in this place as a percentage of kills by you in the entire game.
 C = Kills by friends in this place as a percentage of kills by friends in the entire game.
 D = Other kills in this place as a percentage of other kills in the entire game.
 E = Experience gained in this place as a percentage of experience gained in the entire game.
 F = Experience gained in this place divided by the number of levels of this place that you have seen.
                   A       B       C       D       E      F
               +-------+-------+-------+-------+-------+----------------------
         Total | 100.0 | 100.0 | 100.0 |   N/A | 100.0 | 5291.9
       Dungeon |  67.1 |  66.8 |  87.5 |   N/A |  55.1 | 4474.6
          Lair |  29.6 |  29.9 |  12.5 |   N/A |  38.4 | 9336.8
   Spider Nest |   1.4 |   1.4 |   0.0 |   N/A |   2.6 | 3160.0
      Gauntlet |   1.9 |   1.9 |   0.0 |   N/A |   3.9 | 4751.0
               +-------+-------+-------+-------+-------+----------------------

Levels and vault maps discovered:
D:1:      minmay_arrival_shattered_statue, layout_rooms,
          ebering_ecumenical_altar_webs
D:2:      layout_basic, kennysheep_minor_cross, uniq_jessica
D:3:      kennysheep_six_static_rooms, layout_basic,
          nicolae_tso_carved_into_rock, nicolae_ashenzari_panopticon,
          ebering_dispersal_statue_hall, st_stairs_12, minmay_pentomino_pile
D:4:      kennysheep_the_goblin_king, layout_loops_ring,
          nicolae_dithmenos_shadow_blocks
D:5:      layout_basic, mainiacjoe_overflow_alcove_4,
          pdpol_wu_jian_five_deadly_venoms, nicolae_vehumet_altar_sigil,
          minmay_temple_entry_ruins
D:6:      minmay_cornered_nines, layout_basic, mainiacjoe_overflow_big_doors,
          overflow_temple_1_default, fedhas_altar_fruit_tree, uniq_blork_the_orc
D:7:      layout_loops_cross, lightli_temple_of_fire, serial_shops,
          nicolae_shop_pleasant_corner_grove
D:8:      layout_gridville, nicolae_kikubaaqudgha_miasma_corner,
          mainiacjoe_overflow_six_doors_small, minmay_nine_imps, uniq_erica
D:9:      layout_loops_ring, serial_glass, glass_columns_b, glass_columns_b,
          roderic_roman_lattice, uniq_maggie
D:10:     layout_basic, nicolae_overflow_crystal_walls,
          kennysheep_generic_room_15
D:11:     layout_loops_ring, erik_lair_orcish_takeover, david_orc_4
D:12:     layout_loops_ring, ebering_ghost_rock_garden
D:13:     layout_cave_pools, ximxim_vaults_locker_room, nzn_ghost_randoct,
          drop_trap, uniq_frances
D:14:     layout_long_grid, nicolae_twisting_strands, minmay_evil_grid
D:15:     grunt_enter_depths_hoard, layout_long_grid, grunt_gozag_statues
Temple:   hellmonk_temple_forest_ring
Lair:1:   layout_cellular_growth, basic_altar, minivault_23, grunt_megastairs_2
Lair:2:   layout_regular_city, elwin_shoals_entry_rooms, spider_nest_entry_a,
          basic_altar, pdpol_lair_neglected_garden
Lair:3:   layout_loops_ring, gauntlet_entry_generic
Lair:4:   layout_loops_ring, hibernation_bobbens
Lair:5:   cheibrodos_lair_end_hotspot, layout_layer_cave,
          nicolae_slime_entry_slimehenge, gammafunk_ghost_grave
Spider:1: layout_spider_delve
